 Dungeon Crawl Stone Soup version 0.29.1-1-gd02db6906a (webtiles) character file.

Game seed: 7095695071622799867

101 Descartes the Conjurer (level 4, 0/27 HPs)
             Began as an Octopode Conjurer on Oct 21, 2022.
             Slain by Grinder (8 damage)
             ... on level 4 of the Dungeon.
             The game lasted 00:05:56 (3682 turns).

Descartes the Conjurer (Octopode Conjurer)          Turns: 3682, Time: 00:05:57

Health: 0/27       AC:  1    Str:  8    XL:     4   Next: 75%
Magic:  4/7        EV: 13    Int: 22    God:
Gold:   122        SH:  0    Dex: 10    Spells: 6/7 levels left

rFire   . . .      SeeInvis .   n - +4 hand axe of Waudav {venom, rElec rPois rN++ Str+2}
rCold   . . .      Faith    .   (no shield)
rNeg    + + .      Spirit   .   (helmet restricted)
rPois   +          Reflect  .   (no amulet)
rElec   +          Harm     .   (no ring)
rCorr   .          Rampage  .   (no ring)
Will    .....                   (no ring)
Stlth   +++.......              (no ring)
HPRegen 0.09/turn               (no ring)
MPRegen 0.10/turn               (no ring)
                                (no ring)
                                (no ring)

@: no status effects
A: almost no armour, amphibious, 8 rings, camouflage 1, gelatinous body 1,
(nimble swimmer 1), tentacles
a: no special abilities


You were on level 4 of the Dungeon.
You visited 1 branch of the dungeon, and saw 4 of its levels.

You collected 122 gold pieces.

Inventory:

Hand Weapons
 n - the +4 hand axe of Waudav (weapon) {venom, rElec rPois rN++ Str+2}
   (You found it on level 3 of the Dungeon)

   It poisons the flesh of those it strikes.
   Str:       It affects your strength (+2).
   rElec:     It insulates you from electricity.
   rPois:     It protects you from poison.
   rN:        It greatly protects you from negative energy.
Magical Staves
 b - a staff of cold
 i - a staff of earth
Scrolls
 d - a scroll of vulnerability
 g - a scroll of teleportation
 h - a scroll of amnesia
 p - a scroll of fear
Potions
 a - 2 potions of magic
 e - 2 potions of attraction {unknown}
 f - 4 potions of heal wounds {unknown}
 j - a potion of haste
 k - a potion of lignification {unknown}
 l - 3 potions of flight {unknown}
 m - 2 potions of brilliance {unknown}
 o - a potion of curing {unknown}
 r - 2 potions of berserk rage {unknown}


   Skills:
 - Level 2.0 Dodging
 - Level 2.6 Stealth
 - Level 2.0 Spellcasting
 + Level 6.0 Conjurations


You had 6 spell levels left.
You knew the following spells:

 Your Spells              Type           Power      Damage    Failure   Level
a - Magic Dart            Conj           100%       1d8       1%          1

Your spell library contained the following spells:

 Spells                   Type           Power      Damage    Failure   Level
 Searing Ray              Conj           56%        2d6       1%          2
 Dazzling Flash           Conj/Hex       30%        N/A       12%         3
 Blink                    Tloc           4%         N/A       21%         2
 Fulminant Prism          Conj/Hex       7%         3d7       36%         4
 Iskenderun's Mystic Bla  Conj/Tloc      15%        2d5       36%         4
 Gell's Gravitas          Tloc           2%         N/A       38%         3
 Lesser Beckoning         Tloc           2%         N/A       38%         3
 Teleport Other           Tloc           2%         N/A       38%         3
 Manifold Assault         Tloc           2%         N/A       98%         5


Dungeon Overview and Level Annotations

Branches:
Dungeon (4/15)
 Temple: D:4-7

Altars:

Shops:
D:3 =

Annotations:
D:4 Grinder


Innate Abilities, Weirdness & Mutations

You cannot wear most types of armour.
You are amphibious.
You can wear up to eight rings at the same time.
Your skin changes colour to match your surroundings (Stealth+).
Your rubbery body absorbs attacks. (AC +1, EV +1)
((You are camouflaged when in or above water. (Stealth+)))
You have tentacles for arms and can constrict up to eight enemies at once.


Message History

You start resting.
Magic restored.
You start resting.
HP restored.
You climb downwards.
You hear the hiss of flowing sand.
There is an entrance to an ossuary on this level.
Hurry and find it before the portal is buried!
Level annotation: Grinder You hear the brisk hiss of an avalanche of sand very nearby.
Grinder gestures at you. You resist with significant effort.
There is a stone staircase leading up here.
Casting: Magic Dart (safe; 1% risk of failure)
Confirm with . or Enter, or press ? or * to list all spells.
Aiming: Magic Dart (safe; 1% risk of failure)
Press: ? - help, Shift-Dir - straight line, f - Grinder
Aim: Grinder, carrying a wand of flame (9) (100% to hit)
The magic dart hits Grinder.
Grinder is lightly wounded.
Grinder zaps a wand.
The puff of flame hits you!
Casting: Magic Dart (safe; 1% risk of failure)
Confirm with . or Enter, or press ? or * to list all spells.
Aiming: Magic Dart (safe; 1% risk of failure)
Press: ? - help, Shift-Dir - straight line, f/p - Grinder
Aim: Grinder, carrying a wand of flame (8) (lightly wounded, 100% to hit)
The magic dart hits Grinder.
Grinder is moderately wounded.
Casting: Magic Dart (safe; 1% risk of failure)
Confirm with . or Enter, or press ? or * to list all spells.
Aiming: Magic Dart (safe; 1% risk of failure)
Press: ? - help, Shift-Dir - straight line, f/p - Grinder
Aim: Grinder, carrying a wand of flame (8) (moderately wounded, 100% to hit)
The magic dart hits Grinder but does no damage.
Grinder is moderately wounded.
Grinder hits you!
* * * LOW HITPOINT WARNING * * *
You hit Grinder.
Grinder is poisoned.
Your grab misses Grinder.
Grinder is moderately wounded.
Grinder hits you!
You die...

*,,,,,,,*
*,,,,,,,****,**,,,*
**,***,**
*,,,,,,,**,,,,,,,,* *,*
*,* *,,,,,,,**,**+**,,*
*,***,*
*,,,,,,,,,,*,,,*,,*
*,,,,,*
*,,,,,,,**,+,∩,+,**
****,** *********,,*,,,*,*
*,######### *,,*****,*
*,#.....÷.# *,,,,,,,,***
***
*,*,****#@#####...,,,,***,
,,*
*,*,****#.5.....#*,*,,,,,,
*,*
*,*,#....÷#.......,*,****,
*,****
*,,.....#...###.##**,**,,,
*,,,,* ***........##
*,****,**,*,
*,**,*****#######.#
*,,,,,,**,*, *,,,,,,,* *.#
******,,,,,, ,,,*,,*,*
**.#* ****,** ,,,*,,*,***
*,,,* *,,*


You could see Grinder (very poisoned).

Vanquished Creatures
  2 adders (D:2)
  3 worms
  A dart slug (D:2)
  An orc (D:3)
  5 ball pythons
  2 endoplasms
  4 giant cockroaches
  6 goblins
  3 hobgoblins
  11 jackals
  10 kobolds
  5 quokkas
  4 bats
  2 frilled lizards (D:1)
  6 rats
65 creatures vanquished.

Vanquished Creatures (others)
  A jackal (D:4)
1 creature vanquished.

Grand Total: 66 creatures vanquished

Notes
Turn   | Place    | Note
-------+----------+-------------------------------------------
     0 | D:1      | Descartes the Octopode Conjurer began the quest for the
                  | Orb.
     0 | D:1      | Reached XP level 1. HP: 11/11 MP: 3/3
   243 | D:1      | Reached XP level 2. HP: 17/17 MP: 0/5
  1050 | D:2      | Reached XP level 3. HP: 21/21 MP: 2/6
  1139 | D:2      | Reached skill level 5 in Conjurations
  1408 | D:2      | Found a faded altar of an unknown god.
  1509 | D:2      | Reached XP level 4. HP: 23/27 MP: 0/7
  2436 | D:3      | Identified the +4 hand axe of Waudav {venom, rElec rPois
                  | rN++ Str+2}
  2551 | D:3      | Found Poklasuh's Jewellery Boutique.
  3226 | D:4      | Noticed Grinder
  3236 | D:3      | Reached skill level 6 in Conjurations
  3682 | D:4      | Slain by Grinder

Illustrated notes

Levels and vault maps discovered:
D:1:      dpeg_arrival_rhombi, layout_loops_ring, minmay_misc_feat_hallway
D:2:      layout_basic, chequers_ecumenical_altar_grove,
          minmay_fractal_squares_5
D:3:      layout_basic, serial_shops, shop
D:4:      layout_loops_cross, enter_ossuary_2, serial_shops, nicolae_shop_stone,
          dreamdust_princess_corridor, kennysheep_generic_room_4, uniq_pikel,
          uniq_grinder

Skill      XL: |  1  2  3  4 |
---------------+-------------+-----
Conjurations   | 5 6 |  6.0
Dodging        | |  2.0
Stealth        | |  2.6
Spellcasting   | |  2.0

Action                   |  1- 3 |  4- 6 || total
-------------------------+-------+-------++-------
Melee: Staff             |     6 |     5 ||    11
       Constrict         |     1 |     8 ||     9
       Hand axe          |       |    12 ||    12
       Tentacles         |       |     3 ||     3
 Cast: Magic Dart        |    61 |    53 ||   114
  Use: Scroll            |       |     6 ||     6
Armor: Skin              |       |     2 ||     2
Dodge: Dodged            |     2 |    19 ||    21
